Map: Void Thrashing

Players

selgadis

  • Race: Protoss Protoss
  • Spawn Location: 9:00

Psilence

  • Race: Protoss Protoss
  • Spawn Location: 6:00

VOD

Have the link to the VOD?

Description

Time

  • Played on: Dec. 2, 2025, 3:17 a.m.
  • Length: 16:43
Show
View Real Time Build Order
Export as new Build Order

selgadis Protoss 

Build Orders:  

Get SALT Encoding   

  12  0:08  Probe (Chrono Boost)  
  13  0:20  Probe (Chrono Boost)  
  14  0:32  Probe (Chrono Boost)  
  15  0:40  Pylon  
  15  1:03  Probe (Chrono Boost)  
  16  1:15  Probe (Chrono Boost)  
  16  1:17  Assimilator  
  17  1:23  Assimilator  
  17  1:27  Probe (Chrono Boost)  
  18  1:33  Pylon  
  18  1:39  Probe (Chrono Boost)  
  18  1:40  Pylon  
  19  1:51  Probe (Chrono Boost)  
  19  1:52  Pylon  
  19  1:58  Pylon  
  20  2:03  Probe (Chrono Boost)  
  21  2:15  Probe (Chrono Boost)  
  22  2:27  Probe (Chrono Boost)  
  23  2:39  Probe (Chrono Boost)  
  23  2:44  Mothership  
  24  2:51  Probe (Chrono Boost)  
  25  3:03  Probe (Chrono Boost)  
  26  3:15  Probe (Chrono Boost)  
  27  3:27  Probe (Chrono Boost)  
  28  3:43  Pylon x2  
  28  3:46  Pylon  
  28  4:21  Forge  
  28  4:23  Forge  
  28  4:31  Gateway  
  28  4:33  Gateway  
  28  4:35  Gateway  
  28  5:03  Probe (Chrono Boost)  
  28  5:05  Probe (Chrono Boost)  
  28  5:08  Probe (Chrono Boost)  
  28  5:13  Probe (Chrono Boost)  
  30  5:25  Probe (Chrono Boost)  
  33  5:38  Probe (Chrono Boost)  
  34  5:50  Probe (Chrono Boost)  
  35  6:00  Nexus  
  35  6:02  Probe (Chrono Boost)  
  35  6:05  Assimilator  
  36  6:14  Probe (Chrono Boost)  
  37  6:22  Assimilator  
  37  6:30  Photon Cannon  
  37  6:37  Photon Cannon  
  37  6:43  Probe (Chrono Boost)  
  37  6:45  Protoss Air Armor Level 1, Protoss Ground Armor Level 1, Protoss Ground Weapons Level 1, Protoss Air Weapons Level 1  
  38  6:55  Probe (Chrono Boost)  
  39  7:07  Probe (Chrono Boost)  
  39  7:19  Probe (Chrono Boost)  
  41  7:31  Probe (Chrono Boost)  
  41  7:38  Probe (Chrono Boost)  
  42  7:43  Probe (Chrono Boost)  
  44  7:50  Probe (Chrono Boost)  
  44  7:55  Probe (Chrono Boost)  
  46  8:02  Probe (Chrono Boost)  
  46  8:06  Cybernetics Core  
  46  8:07  Probe (Chrono Boost)  
  47  8:14  Probe (Chrono Boost)  
  47  8:17  Gateway  
  47  8:19  Probe (Chrono Boost)  
  49  8:29  Photon Cannon  
  51  8:30  Protoss Shields Level 1  
  50  8:46  Cloaking Module  
  50  9:05  Death Council  
  50  9:19  Robotics Facility  
  50  9:20  Supplicant x2  
  50  9:24  Supplicant x2  
  50  9:25  Supplicant x2  
  50  9:29  Supplicant x2  
  50  9:34  Bloodshard Resonance  
  66  9:45  Supplicant x2  
  66  9:49  Supplicant x2  
  92  10:44  Pylon  
  92  10:45  Pylon  
  92  10:47  Pylon  
  92  10:49  Protoss Ground Weapons Level 2, Protoss Air Weapons Level 2, Protoss Air Armor Level 2, Protoss Ground Armor Level 2  
  92  10:50  Pylon  
  92  10:53  Pylon  
  92  10:54  Pylon  
  92  10:55  Pylon  
  92  10:57  Pylon  
  110  12:10  Detect Weakness  
  110  12:16  Protoss Shields Level 2  
  110  12:17  Blood Shields  
  110  12:30  Soul Augmentation  
  110  12:32  Vanguard  
  114  12:42  Supplicant x2  
  121  13:01  Vanguard  
  127  13:12  Supplicant x2  
  127  13:13  Supplicant x2  
  135  13:26  Supplicant x4  
  135  13:27  Supplicant x4  
  139  13:33  Supplicant x2  
  150  13:50  Havoc x2  
  150  13:52  Havoc  
  150  13:53  Havoc  
  146  14:22  Havoc  
  146  14:23  Havoc  
  141  15:39  Slayer x3  
  143  15:40  Slayer  
Show
View Real Time Build Order
Export as new Build Order

Psilence Protoss 

Build Orders:  

Get SALT Encoding   

  12  0:00  Probe (Chrono Boost)  
  13  0:13  Probe (Chrono Boost)  
  14  0:28  Pylon  
  14  0:29  Probe (Chrono Boost)  
  15  0:41  Assimilator  
  15  0:43  Probe (Chrono Boost)  
  16  0:55  Probe (Chrono Boost)  
  17  1:04  Assimilator  
  17  1:08  Probe (Chrono Boost)  
  18  1:20  Probe (Chrono Boost)  
  19  1:33  Probe (Chrono Boost)  
  20  1:45  Probe (Chrono Boost)  
  21  2:17  Nexus  
  21  2:28  Probe (Chrono Boost)  
  21  2:34  Gateway  
  22  2:44  Probe (Chrono Boost)  
  23  3:00  Probe (Chrono Boost)  
  23  3:01  Pylon  
  24  3:19  Protoss Air Weapons Level 1  
  24  3:20  Probe (Chrono Boost)  
  24  3:29  Sentinel  
  25  3:33  Probe (Chrono Boost)  
  26  3:43  Solar Efficiency Level 1  
  26  3:49  Cybernetics Core  
  28  3:59  Sentinel  
  28  4:05  Gateway  
  28  4:08  Probe (Chrono Boost)  
  29  4:14  Probe (Chrono Boost)  
  32  4:25  Sentinel  
  32  4:26  Probe (Chrono Boost)  
  33  4:37  Probe (Chrono Boost)  
  36  4:40  Sentinel  
  36  4:42  Probe (Chrono Boost)  
  37  4:50  Probe (Chrono Boost)  
  37  4:53  Probe (Chrono Boost)  
  37  4:55  Probe (Chrono Boost)  
  37  4:56  Probe (Chrono Boost)  
  37  4:57  Probe (Chrono Boost)  
  37  4:59  Probe (Chrono Boost)  
  38  5:00  Probe (Chrono Boost)  
  41  5:10  Protoss Air Weapons Level 2  
  46  5:23  Assimilator  
  46  5:31  Probe (Chrono Boost)  
  46  5:33  Pylon  
  46  5:34  Probe (Chrono Boost)  
  48  6:02  Stargate  
  48  6:12  Assimilator  
  48  6:13  Probe (Chrono Boost)  
  49  6:22  Sentinel  
  49  6:25  Probe (Chrono Boost)  
  49  6:29  Sentinel  
  54  6:48  Probe (Chrono Boost)  
  54  6:49  Pylon  
  54  6:56  Protoss Air Weapons Level 3  
  55  7:05  Fleet Beacon  
  55  7:16  Sentinel  
  55  7:18  Sentinel  
  55  7:19  Stargate  
  55  7:20  Carrier  
  55  7:24  Carrier  
  55  7:28  Carrier  
  55  7:29  Stargate  
  59  7:31  Probe (Chrono Boost)  
  60  7:43  Probe (Chrono Boost)  
  61  7:55  Probe (Chrono Boost)  
  62  8:02  Sentinel  
  62  8:05  Pylon  
  64  8:17  Repair Drones  
  70  8:20  Pylon  
  70  8:28  Pylon  
  76  8:44  Nexus  
  76  8:47  Sentinel  
  82  8:50  Sentinel  
  82  8:54  Carrier  
  82  9:00  Carrier  
  84  9:22  Unknown  
  84  9:28  Pylon  
  92  9:30  Pylon  
  92  9:32  Pylon  
  98  9:47  Carrier  
  104  10:26  Carrier  
  100  10:44  Sentinel  
  100  10:45  Sentinel  
  102  10:58  Carrier  
  110  11:12  Carrier  
  112  11:51  Carrier  
  112  11:57  Carrier  
  112  12:04  Carrier  
  112  12:08  Carrier  
  108  12:29  Carrier  
  114  12:30  Sentinel x2  
  116  12:55  Pylon  
  116  12:57  Pylon  
  116  12:59  Pylon  
  122  13:01  Pylon x2  
  122  13:02  Pylon  
  122  13:03  Carrier  
  122  13:05  Pylon  
  122  13:07  Pylon  
  128  13:49  Carrier  
  146  14:14  Sentinel x2  
  156  14:30  Carrier  
  156  14:31  Carrier  
  156  14:34  Gateway  
  156  14:36  Gateway  
  156  14:47  Sentinel x2  
Tags
 
Add a new tag
Caveats
  • Supply blocks, unpowered buildings, or Contaminate may cause inaccurate times.
  • Supply counts are checked every 10 seconds.